 Dungeon Crawl Stone Soup version 0.28.0-43-g3370ac3207 (webtiles) character file.

Game seed: 3203962374453634681

58 Renzlar the Shield-Bearer (level 4, -3/41 HPs)
             Began as a Gnoll Fighter on Mar 20, 2022.
             Slain by an iron imp (7 damage)
             ... summoned by Natasha
             ... on level 2 of the Dungeon.
             The game lasted 00:02:47 (1087 turns).

Renzlar the Shield-Bearer (Gnoll Fighter)           Turns: 1087, Time: 00:02:48

Health: -3/41      AC:  7    Str: 17    XL:     4   Next: 1%
Magic:  5/5        EV:  9    Int:  8    God:
Gold:   64         SH:  5    Dex: 11    Spells: 5/5 levels left

rFire   . . .      SeeInvis .   a - +0 war axe
rCold   . . .      Faith    .   c - +0 buckler
rNeg    . . .      Spirit   .   b - +0 scale mail
rPois   .          Reflect  .   (no helmet)
rElec   .          Harm     .   (no cloak)
rCorr   .          Rampage  .   (no gloves)
Will    .....                   (no boots)
Stlth   ..........              (no amulet)
HPRegen 0.13/turn               (no ring)
MPRegen 0.09/turn               (no ring)

@: slowed, very slow
A: fangs 1, strong nose, distributed training
a: no special abilities


You were on level 2 of the Dungeon.
You visited 1 branch of the dungeon, and saw 2 of its levels.

You collected 64 gold pieces.

Inventory:

Hand Weapons
 a - a +0 war axe (weapon)
Missiles
 h - 6 poisoned darts (quivered)
 i - 14 bolts
Armour
 b - a +0 scale mail (worn)
 c - a +0 buckler (worn)
Scrolls
 e - a scroll of teleportation {unknown}
 f - a scroll of torment {unknown}
 g - a scroll of blinking {unknown}
 j - a scroll of identify {unknown}
Potions
 d - 2 potions of might


   Skills:
 + Level 6.5 Fighting
 + Level 1.0 Short Blades
 + Level 1.0 Long Blades
 + Level 4.6 Axes
 + Level 1.0 Maces & Flails
 + Level 1.0 Polearms
 + Level 1.0 Staves
 + Level 1.0 Slings
 + Level 1.0 Bows
 + Level 1.0 Crossbows
 + Level 1.0 Throwing
 + Level 6.5 Armour
 + Level 1.0 Dodging
 + Level 1.0 Stealth
 + Level 6.5 Shields
 + Level 1.0 Unarmed Combat
 + Level 1.0 Spellcasting
 + Level 0.7 Conjurations
 + Level 0.7 Hexes
 + Level 0.7 Summonings
 + Level 0.7 Necromancy
 + Level 0.7 Translocations
 + Level 0.7 Transmutations
 + Level 0.7 Fire Magic
 + Level 0.7 Ice Magic
 + Level 0.7 Air Magic
 + Level 0.7 Earth Magic
 + Level 0.7 Poison Magic
 + Level 1.1 Invocations
 + Level 1.0 Evocations


You had 5 spell levels left.
You didn't know any spells.
Your spell library contained the following spells:

 Spells                   Type           Power      Damage    Failure   Level
 Corpse Rot               Necr/Air       2%         N/A       86%         2
 Poisonous Vapours        Pois/Air       2%         N/A       86%         2


Dungeon Overview and Level Annotations

Branches:
Dungeon (2/15)

Altars:

Annotations:
D:2 Natasha


Innate Abilities, Weirdness & Mutations

You have very sharp teeth.
Your uncanny sense of smell can sniff out nearby items.
Your experience applies equally to all skills.


Message History

You closely miss the goblin. You miss something.
The goblin hits you but does no damage.
You hear some strange, mumbled words.
The goblin hits you but does no damage. Something claws you.
You barely miss the goblin. You closely miss something.
The goblin hits you with a +0 club.
You hear some strange, mumbled words.
Something tries to affect you, but you resist.
The goblin hits you but does no damage. Something claws you but does no damage.
You hit the goblin but do no damage. You miss something.
The goblin completely misses you. Something claws you but does no damage.
The goblin closely misses you. Something claws you!
You closely miss the goblin. You barely miss something.
The goblin hits you with a +0 club.
You hear some strange, mumbled words.
A magic dart appears from out of thin air!
The magic dart hits you. You block the goblin's attack. Something claws you.
* * * LOW HITPOINT WARNING * * *
Unknown command.
You barely miss something. You hit the goblin.
You kill the goblin!
You block something's attack. You block the crimson imp's attack.
Something claws you.
* * * LOW HITPOINT WARNING * * *
The crimson imp hits you.
* * * LOW HITPOINT WARNING * * *
You have reached level 4!
You feel clever.
Unknown command.
You slash something! You slash the crimson imp!
Something claws you but does no damage. The crimson imp closely misses you.
Something claws you but does no damage.
The crimson imp hits you but does no damage.
Unknown command.
You barely miss something. Your bite misses something.
You slash the crimson imp!
You kill the crimson imp!
The crimson imp disappears in a puff of smoke!
Something claws you but does no damage. The iron imp hits you!
You die...

#.#
#..#######
###..#######
#..# #
#..........#
#..#######
#..........#
#.........
#..........#
#...######
#..........#
#.........
#..........#
#..#######
#{5#
#.........
##@##
##.#######
#..# #(#
##.## #.#
#..# #.# ∆
##.# #.# #.#
#.# #.## #.#
#..# #.#
##.## #.#


You could see an iron imp (summoned).

Vanquished Creatures
  2 adders (D:2)
  2 worms (D:2)
  2 ball pythons (D:1)
  2 endoplasms (D:2)
  3 giant cockroaches (D:1)
  4 goblins
  4 hobgoblins
  4 quokkas
  A bat (D:1)
  4 frilled lizards
  2 kobolds
  2 rats
32 creatures vanquished.

Notes
Turn   | Place    | Note
-------+----------+-------------------------------------------
     0 | D:1      | Renzlar the Gnoll Fighter began the quest for the Orb.
     0 | D:1      | Reached XP level 1. HP: 23/23 MP: 1/1
    34 | D:1      | Reached XP level 2. HP: 29/29 MP: 2/2
   455 | D:2      | Reached XP level 3. HP: 35/35 MP: 3/3
   668 | D:2      | Reached skill level 1 in Invocations
  1055 | D:2      | Reached skill level 1 in Short Blades
  1055 | D:2      | Reached skill level 1 in Long Blades
  1055 | D:2      | Reached skill level 1 in Maces & Flails
  1055 | D:2      | Reached skill level 1 in Polearms
  1055 | D:2      | Reached skill level 1 in Staves
  1055 | D:2      | Reached skill level 1 in Slings
  1055 | D:2      | Reached skill level 1 in Bows
  1055 | D:2      | Reached skill level 1 in Crossbows
  1055 | D:2      | Reached skill level 1 in Throwing
  1055 | D:2      | Reached skill level 1 in Dodging
  1055 | D:2      | Reached skill level 1 in Stealth
  1055 | D:2      | Reached skill level 1 in Unarmed Combat
  1055 | D:2      | Reached skill level 1 in Spellcasting
  1055 | D:2      | Reached skill level 1 in Evocations
  1075 | D:2      | Noticed Natasha
  1086 | D:2      | Reached XP level 4. HP: 3/41 MP: 5/5
  1087 | D:2      | Slain by an iron imp

Illustrated notes

Levels and vault maps discovered:
D:1:      tarquinn_simple_flora_water_e, layout_rooms
D:2:      layout_basic, uniq_natasha

Skill      XL: |  1  2  3 |
---------------+----------+-----
Invocations    | 1 |  1.1
Short Blades   | 1 |  1.0
Long Blades    | 1 |  1.0
Maces & Flails | 1 |  1.0
Polearms       | 1 |  1.0
Staves         | 1 |  1.0
Slings         | 1 |  1.0
Bows           | 1 |  1.0
Crossbows      | 1 |  1.0
Throwing       | 1 |  1.0
Dodging        | 1 |  1.0
Stealth        | 1 |  1.0
Unarmed Combat | 1 |  1.0
Spellcasting   | 1 |  1.0
Evocations     | 1 |  1.0
Fighting       | |  6.5
Axes           | |  4.6
Armour         | |  6.5
Shields        | |  6.5
Conjurations   | |  0.7
Hexes          | |  0.7
Summonings     | |  0.7
Necromancy     | |  0.7
Translocations | |  0.7
Transmutations | |  0.7
Fire Magic     | |  0.7
Ice Magic      | |  0.7
Air Magic      | |  0.7
Earth Magic    | |  0.7
Poison Magic   | |  0.7

Action                   |  1- 3 |  4- 6 || total
-------------------------+-------+-------++-------
Melee: War axe           |    86 |     2 ||    88
       Bite              |     9 |       ||     9
Armor: Scale mail        |    28 |     4 ||    32
Dodge: Dodged            |    38 |     1 ||    39
Block: Buckler           |    26 |       ||    26
